 Dungeon Crawl Stone Soup version 0.32-a0-893-gf85d74f360 (webtiles) character file.

Game seed: 13785825331258328968

1782 warriortoast the Mimic (level 9, -4/61 HPs)
             Began as an Octopode Shapeshifter on Apr 3, 2024.
             Was an Initiate of Wu Jian.
             Slain by a sky beast (6 damage)
             ... on level 7 of the Dungeon.
             The game lasted 00:22:36 (6672 turns).

warriortoast the Mimic (Octopode Shapeshifter)      Turns: 6672, Time: 00:22:36

Health: -4/61      AC:  1    Str: 17    XL:     9   Next: 8%
Magic:  9/9        EV: 12    Int: 13    God:    Wu Jian [......]
Gold:   47         SH:  0    Dex: 11    Spells: 8/8 levels left

rFire   . .          .
                       - Unarmed
rCold   . . .        (no shield)
rNeg    . . .        (helmet currently unavailable)
rPois   .            a - amulet of regeneration
rElec   .            (no ring)
rCorr   .            (no ring)
SInv    .            (no ring)
Will    .....        (no ring)
Stlth   ++++         (no ring)
HPRegen 1.10/turn    (no ring)
MPRegen 0.11/turn    (no ring)
                     (no ring)

%: no passive effects
@: beast-form
A: beast (slay +4), almost no armour, amphibious, 8 rings, camouflage 1,
gelatinous body 1, (nimble swimmer 1), tentacles
a: Begin Untransformation, Renounce Religion


You were on level 7 of the Dungeon.
You worshipped Wu Jian.
Wu Jian was noncommittal.
You were a hulking beast.
You visited 1 branch of the dungeon, and saw 7 of its levels.
You also visited: Sewer.

You collected 380 gold pieces.
You spent 333 gold pieces at shops.

Inventory:

Missiles
 i - 5 poisoned darts (quivered)
 A - a throwing net
Jewellery
 a - an amulet of regeneration (around mantle)
Talismans
 b - a beast talisman (active)
 c - a flux talisman
Wands
 y - a wand of warping (11)
Scrolls
 d - a scroll of butterflies
 e - a scroll of noise
 j - a scroll of fear
 o - 2 scrolls of teleportation
 q - a scroll of blinking
 s - 2 scrolls of revelation
Potions
 f - 4 potions of curing
 g - 2 potions of might
 h - 6 potions of heal wounds
 k - 2 potions of enlightenment
 l - 2 potions of resistance
 m - a potion of haste
 n - a potion of attraction
 p - a potion of mutation {unknown}
 r - a potion of magic {unknown}
 u - 2 potions of ambrosia
 v - a potion of invisibility {unknown}
 z - a potion of brilliance {unknown}


   Skills:
 - Level 5.0 Fighting
 - Level 2.0 Dodging
 - Level 5.0 Stealth
 - Level 5.0 Unarmed Combat
 + Level 8.5 Shapeshifting


You had 8 spell levels left.
You didn't know any spells.
Your spell library contained the following spells:

 Spells                   Type           Power      Damage    Failure   Level
 Maxwell's Portable Pile  Tloc           0%         2d(5-13)  67%         3
 Stone Arrow              Conj/Erth      0%         3d7       67%         3
 Tukima's Dance           Hex            0%         N/A       67%         3
 Passage of Golubria      Tloc           0%         N/A       97%         4
 Arcjolt                  Conj/Air       0%         1d10      100%        5
 Yara's Violent Unravell  Hex/Alch       0%         3d3       100%        5
 Lehudib's Crystal Spear  Conj/Erth      0%         10d2      100%        8
 Maxwell's Capacitive Co  Air            0%         ∞         100%        8
 Animate Armour           Summ/Erth      Unusable   N/A       N/A         4

Dungeon Overview and Level Annotations

Branches:
Dungeon (7/15)             Temple (0/1) D:6           Sewer (visited)

Altars:
Ashenzari
Elyvilon
Hepliaklqana
Nemelex Xobeh
Ru
Sif Muna
Trog
Uskayaw
Wu Jian
Yredelemnul
The Shining One

Shops:
D:3 !   D:4 ?*   D:6 =


Innate Abilities, Weirdness & Mutations

You are a hulking beast.
Your limbs bulge with bestial killing power. (Slay +4)
You cannot wear most types of armour.
You are amphibious.
You can wear up to eight rings at the same time.
Your skin changes colour to match your surroundings (Stealth+).
Your rubbery body absorbs attacks. (AC +1, EV +1)
((You are camouflaged when in or above water. (Stealth+)))
You have tentacles for arms and can constrict up to eight enemies at once.


Message History

The hound barks!
You tentacle-slap the shadow imp but do no damage.
You grab the shadow imp. You squeeze the shadow imp!
The shadow imp is severely wounded.
You constrict the shadow imp.
You kill the shadow imp!
The Council accepts your kill.
You lunge at the hound.
You bludgeon the hound! You grab the hound. You squeeze the hound.
You kill the hound!
The Council accepts your kill.
HP restored.
A sky beast comes into view.
The sky beast flickers out of sight!
Deactivating autopickup; reactivate with Ctrl-A.
No target in view!
You miss something. Something hits you. Something shocks you.
You tentacle-slap something. Something hits you. Something shocks you.
You closely miss something. You squeeze something.
Reactivating autopickup.
A sky beast appears from thin air!
The sky beast hits you. The sky beast shocks you.
You barely miss the sky beast. Your squeeze misses the sky beast.
The sky beast is moderately wounded.
The sky beast hits you. The sky beast shocks you.
You tentacle-slap the sky beast.
The sky beast is moderately wounded.
The sky beast flickers out of sight!
Deactivating autopickup; reactivate with Ctrl-A.
Something hits you. Something shocks you.
You miss something. Something hits you. Something shocks you.
* * * LOW HITPOINT WARNING * * *
You tentacle-slap something. Something hits you.
* * * LOW HITPOINT WARNING * * *
Something shocks you.
* * * LOW HITPOINT WARNING * * *
You closely miss something. You squeeze something. Something hits you.
* * * LOW HITPOINT WARNING * * *
Something shocks you.
You die...

#......# #.#......#
#......# #.#...##.#
#......# #.........
#......#####...######
#.........#<...#
.#######.###.##..##
......<#.# #.....#
#.†..#.#####.#
#.#h...# ..# # #{##.#
### #.. ... #..# ###
...# ...# ...## ....


There were no monsters in sight!

Vanquished Creatures
  Edmund (D:5)
  Menkaure (D:5)
  A water moccasin (D:6)
  The ghost of TwadoKnight the Shield-Bearer, an amateur MiFi (D:3)
  A black bear (D:6)
  3 ogres
  2 brain worms (Sewer)
  A bullfrog (D:6)
  4 scorpions
  3 wights
  3 hounds
  Terence (D:2)
  3 orc wizards
  6 river rats (Sewer)
  8 adders
  2 shadow imps
  2 ufetubi (D:5)
  3 ribbon worms
  3 dart slugs
  10 orcs
  3 endoplasms
  4 giant cockroaches
  4 goblins
  6 hobgoblins
  4 jackals (Sewer)
  4 quokkas
  5 ball pythons
  4 bats
  4 frilled lizards
  9 kobolds
  6 rats
112 creatures vanquished.

Notes
Turn   | Place    | Note
-------+----------+-------------------------------------------
     0 | D:1      | warriortoast the Octopode Shapeshifter began the quest for
                  | the Orb.
     0 | D:1      | Reached XP level 1. HP: 13/13 MP: 1/1
   168 | D:1      | Reached XP level 2. HP: 18/18 MP: 2/2
   275 | D:1      | Reached skill level 1 in Stealth
   553 | D:2      | Noticed Terence
   666 | D:2      | Killed Terence
   667 | D:2      | Reached XP level 3. HP: 15/24 MP: 3/3
   843 | D:2      | Reached XP level 4. HP: 27/29 MP: 4/4
  1323 | D:3      | Found Ucauter's Distillery.
  1331 | D:3      | Bought a potion of heal wounds for 55 gold pieces
  1331 | D:3      | Bought a potion of attraction for 33 gold pieces
  1331 | D:3      | Bought a potion of curing for 33 gold pieces
  1357 | D:3      | Found a glowing drain.
  1376 | Sewer    | Entered a sewer
  1470 | Sewer    | Reached XP level 5. HP: 23/35 MP: 5/5
  1673 | Sewer    | Reached XP level 6. HP: 26/41 MP: 6/6
  1874 | Sewer    | Reached skill level 4 in Shapeshifting
  2606 | D:3      | Found a transporter.
  2607 | D:3      | Noticed TwadoKnight's ghost (amateur MiFi)
  2643 | D:3      | Found a transporter.
  3168 | D:4      | Found Cirphym's General Store.
  3191 | D:4      | Bought a scroll of butterflies for 44 gold pieces
  3227 | D:4      | Found a glowing golden altar of the Shining One.
  3418 | D:4      | Found a sparkling altar of Nemelex Xobeh.
  3470 | D:4      | Found a broken altar of Ashenzari.
  3517 | D:4      | Found Imiyfrus's Magic Scroll Boutique.
  3563 | D:4      | Found a hide-covered altar of Uskayaw.
  3568 | D:4      | Reached XP level 7. HP: 46/46 MP: 7/7
  3858 | D:5      | Entered Level 5 of the Dungeon
  3917 | D:5      | Found a shimmering blue altar of Sif Muna.
  3923 | D:5      | Found a bloodstained altar of Trog.
  4060 | D:5      | Noticed Edmund
  4134 | D:5      | Found an ornate altar of the Wu Jian Council.
  4144 | D:5      | Became a worshipper of the Wu Jian Council
  4158 | D:5      | Reached skill level 5 in Stealth
  4322 | D:5      | Noticed Menkaure
  4327 | D:5      | Killed Menkaure
  4328 | D:5      | Reached skill level 5 in Unarmed Combat
  4424 | D:5      | Found a basalt altar of Yredelemnul.
  4812 | D:4      | Found a white marble altar of Elyvilon.
  5025 | D:4      | Bought 3 scrolls of identify for 84 gold pieces
  5087 | D:3      | Reached skill level 5 in Shapeshifting
  5089 | D:3      | Reached XP level 8. HP: 46/54 MP: 8/8
  5092 | D:3      | Killed TwadoKnight's ghost
  5093 | D:3      | Reached skill level 5 in Fighting
  5197 | D:5      | Killed Edmund
  5198 | D:5      | Reached skill level 6 in Shapeshifting
  5347 | D:6      | Found a hazy altar of Hepliaklqana.
  5509 | D:6      | Found a staircase to the Ecumenical Temple.
  5632 | D:6      | Reached skill level 7 in Shapeshifting
  5855 | D:6      | Found a sacrificial altar of Ru.
  5949 | D:6      | Reached skill level 8 in Shapeshifting
  6007 | D:6      | Reached XP level 9. HP: 52/61 MP: 9/9
  6051 | D:6      | Found Tumeuq's Jewellery Boutique.
  6430 | D:4      | Bought a scroll of identify for 28 gold pieces
  6430 | D:4      | Bought a scroll of identify for 28 gold pieces
  6430 | D:4      | Bought a scroll of identify for 28 gold pieces
  6672 | D:7      | HP: 2/61 [something (5)]
  6672 | D:7      | Slain by a sky beast

Illustrated notes

Levels and vault maps discovered:
D:1:      dpeg_arrival_round_a, layout_rooms, chequers_serial_rivers_micro_c
D:2:      layout_basic, uniq_terence
D:3:      layout_loops_ring, gammafunk_ghost_smash, serial_shops, shop,
          cheibrodos_sewer_entry_bend
D:4:      layout_basic, mainiacjoe_overflow_boulevard, kennysheep_mini,
          mainiacjoe_overflow_alcove_4, nicolae_overflow_hidden_temple,
          nicolae_ashenzari_skybound, kennysheep_little_box, serial_shops,
          shop_statue, shop
D:5:      layout_basic, hellmonk_overflow_destroyed_library,
          mainiacjoe_overflow_six_doors_small,
          mainiacjoe_overflow_cross_hatched, nicolae_letterblocks
          [nicolae_letter_subblock, nicolae_letter_subblock,
          nicolae_letter_subblock, nicolae_letter_subblock,
          nicolae_letter_subblock, nicolae_letter_subblock,
          nicolae_letter_subblock, nicolae_letter_subblock,
          nicolae_letter_subblock, nicolae_letter_subblock,
          nicolae_letter_subblock, nicolae_letter_subblock,
          nicolae_letter_subblock, nicolae_letter_subblock,
          nicolae_letter_subblock, nicolae_letter_subblock,
          nicolae_letter_subblock, nicolae_letter_subblock,
          nicolae_letter_subblock, nicolae_letter_subblock,
          nicolae_letter_subblock, nicolae_letter_subblock,
          nicolae_letter_subblock, nicolae_letter_subblock,
          nicolae_letter_subblock], uniq_edmund, uniq_menkaure
D:6:      layout_basic, amcnicky_altar_gilded,
          mainiacjoe_overflow_concentric_impassable,
          minmay_temple_entry_butterflies, serial_shops, shop,
          corexii_corridor_pit
D:7:      layout_basic, serial_bayou_ford_a, nicolae_shop_i_like_big_books,
          hex_intersection

Skill      XL: |  1  2  3  4  5  6  7  8 |
---------------+-------------------------+-----
Stealth        | 1 2 3 4 5 |  5.0
Fighting       | 2 3 4 5 |  5.0
Unarmed Combat | 4 5 |  5.0
Shapeshifting  | 4 5 8 |  8.5
Dodging        | |  2.0

Action                     |  1- 3 |  4- 6 |  7- 9 || total
---------------------------+-------+-------+-------++-------
  Melee: Unarmed           |    38 |   129 |    98 ||   265
         Constrict         |    13 |    31 |    26 ||    70
         Tentacles         |     7 |    30 |    23 ||    60
         Punch             |     2 |     4 |     5 ||    11
  Throw: Dart              |     9 |    15 |    15 ||    39
Ability: Lunge             |       |       |    12 ||    12
    Use: Scroll            |       |     3 |    10 ||    13
         Potion            |       |     1 |     2 ||     3
   Stab: Sleeping          |     6 |     7 |     3 ||    16
         Distracted        |       |       |     2 ||     2
 Armour: Skin              |    12 |    96 |    53 ||   161
  Dodge: Dodged            |    16 |    43 |    26 ||    85

Table legend: (Time is in decaauts)
 A = Elapsed time spent in this place.
 B = Non-inter-level travel time spent in this place.
 C = Inter-level travel time spent in this place.
 D = Time resting spent in this place.
 E = Time spent auto-exploring this place.
 F = Levels seen in this place.
 G = Mean time per level.
                   A        B        C        D        E       F      G
               +--------+--------+--------+--------+--------+-----+--------+
         Total |   6659 |   5653 |   1006 |    792 |   3746 |   8 |  832.4 |
       Dungeon |   5852 |   4846 |   1006 |    654 |   3306 |   7 |  836.0 |
         Sewer |    807 |    807 |      0 |    138 |    440 |   1 |  807.0 |
               +--------+--------+--------+--------+--------+-----+--------+

Top non-repeatable levels by time:
     D:3: 1447 daAuts
     D:5: 1257 daAuts
     D:4: 960 daAuts
     D:6: 906 daAuts
   Sewer: 807 daAuts
     D:2: 609 daAuts
     D:1: 533 daAuts
     D:7: 138 daAuts
